 Dungeon Crawl Stone Soup version 0.22.1-2-g9c5b331 (webtiles) character file.

226 teukkam the Skirmisher (level 5, -3/47 HPs)
             Began as a Minotaur Fighter on Nov 15, 2018.
             Slain by an ogre
             ... wielding a +0 giant club
              (13 damage)
             ... on level 4 of the Dungeon.
             The game lasted 00:08:21 (2146 turns).

teukkam the Skirmisher (Minotaur Fighter)           Turns: 2146, Time: 00:08:21

Health: -3/47      AC: 10    Str: 22    XL:     5   Next: 69%
Magic:  4/4        EV:  5    Int:  5    God:
Gold:   163        SH:  9    Dex:  9    Spells: 4/4 levels left

rFire    . . .     SeeInvis .   a - +1 dagger (venom)
rCold    . . .     Gourm    .   d - +0 shield
rNeg     . . .     Faith    .   B - +0 chain mail
rPois    .         Spirit   .   (helmet restricted)
rElec    .         Reflect  .   w - +0 cloak
rCorr    .         Harm     .   (no gloves)
MR       .....                  (no boots)
Stlth    ..........             A - amulet of the acrobat
HPRegen  0.15/turn              (no ring)
MPRegen  0.09/turn              (no ring)

@: about to teleport
A: retaliatory headbutt, horns 2
a: no special abilities


You were on level 4 of the Dungeon.
You were not hungry.

You visited 1 branch of the dungeon, and saw 4 of its levels.

You collected 163 gold pieces.

Inventory:

Hand Weapons
 a - a +1 dagger of venom (weapon)
 b - a +0 blowgun
 c - a +2 quarterstaff of chaos
 i - a +0 war axe
 j - a +1 dagger of holy wrath
 v - a +2 hand axe of chopping
 y - a +1 mace of crushing
Missiles
 h - 4 javelins (quivered)
 l - 19 bolts
 m - a poisoned needle
 q - 3 tomahawks
Armour
 d - a +0 shield (worn)
 w - a +0 cloak (worn)
 B - a +0 chain mail (worn)
Jewellery
 A - an amulet of the acrobat (around neck)
Scrolls
 g - 5 scrolls of identify
 z - a scroll of random uselessness {unknown}
Potions
 k - a potion of invisibility
 n - a potion of agility
 r - a potion of resistance {unknown}
 t - a potion of ambrosia {unknown}
 u - a potion of heal wounds {unknown}
Comestibles
 f - 5 rations
 x - a chunk of flesh


   Skills:
 + Level 4.8 Fighting
 + Level 2.5 Short Blades
 - Level 2.4 Axes
 + Level 1.9 Throwing
 + Level 4.8 Armour
 + Level 4.7 Shields


You had 4 spell levels left.
You didn't know any spells.
Your spell library was empty.

Dungeon Overview and Level Annotations

Branches:
Dungeon (4/15)
 Temple: D:4-7

Altars:


Innate Abilities, Weirdness & Mutations

You reflexively headbutt those who attack you in melee.
You have a pair of horns on your head.


Message History

The hound bites you but does no damage. x2
The ogre looks more healthy.
You hit the ogre. You headbutt the ogre.
The ogre is lightly wounded.
The ogre hits you with a giant club!
* * * LOW HITPOINT WARNING * * *
You kill the hound!
It was a potion of invisibility.
You fade into invisibility!
You block the ogre's attack.
You are very lightly contaminated with residual magic.
It was a potion of cancellation.
Your magical effects are unravelling.
You feel magically purged.
Your magical contamination has completely faded away.
You flicker back into view.
Found 10 gold pieces.
As you read the scroll of teleportation, it crumbles to dust.
You feel strangely unstable. The ogre hits you with a giant club!
You die...

##........#
##.....[...## #..#
[#............##...
..........# .......
##.........# #....# # #.
#....<.# #....# ..# #..
###....###....##.... ..h
##................ ....
#.......O@.......
....####.......##.....##
.....(......#### #..###
(.....###..## ..#
......# ##.# ..# .######
#.# $... ### ###.


You could see an ogre.

Vanquished Creatures
  A hound (D:4)
  A bullfrog skeleton (D:3)
  Crazy Yiuf (D:2)
  Jessica (D:3)
  Terence (D:2)
  2 adders
  An ooze (D:3)
  An adder skeleton (D:4)
  A worm (D:2)
  6 orcs (D:3)
  2 ball pythons
  A giant cockroach (D:3)
  6 goblins
  6 hobgoblins
  2 jackals (D:2)
  5 kobolds
  3 quokkas
  8 bats
  A frilled lizard (D:3)
  8 rats
  A fungus (D:2)
59 creatures vanquished.

Notes
Turn   | Place    | Note
-------+----------+-------------------------------------------
     0 | D:1      | teukkam the Minotaur Fighter began the quest for the Orb.
     0 | D:1      | Reached XP level 1. HP: 19/19 MP: 0/0
    57 | D:1      | Reached XP level 2. HP: 23/27 MP: 1/1
   369 | D:2      | Reached skill level 1 in Short Blades
   475 | D:3      | Reached XP level 3. HP: 30/33 MP: 2/2
   636 | D:3      | Reached XP level 4. HP: 37/40 MP: 3/3
   637 | D:3      | Reached skill level 1 in Throwing
  1130 | D:2      | Noticed Terence
  1133 | D:2      | Killed Terence
  1643 | D:2      | Found a runed door.
  1647 | D:2      | Noticed Crazy Yiuf
  1651 | D:2      | Killed Crazy Yiuf
  1651 | D:2      | Reached XP level 5. HP: 39/47 MP: 4/4
  1780 | D:3      | Noticed Jessica
  1788 | D:3      | Killed Jessica
  2126 | D:4      | Noticed an ogre
  2146 | D:4      | Slain by an ogre

Skill      XL: |  1  2  3  4 |
---------------+-------------+-----
Short Blades   | 1 2 |  2.5
Armour         | 4 |  4.8
Shields        | 4 |  4.7
Fighting       | 4 |  4.8
Throwing       | 1 |  1.9
Axes           | |  2.4

Action                   |  1- 3 |  4- 6 || total
-------------------------+-------+-------++-------
Melee: Dagger            |    56 |    45 ||   101
       War axe           |     2 |       ||     2
       Headbutt          |     8 |    12 ||    20
 Fire: Blowgun           |       |     2 ||     2
Throw: Javelin           |    18 |    24 ||    42
  Use: Scroll            |       |     7 ||     7
       Potion            |       |     3 ||     3
  Eat: Chunk             |       |     4 ||     4
Armor: Scale mail        |    14 |       ||    14
       Leather armour    |       |     9 ||     9
       Chain mail        |       |     3 ||     3
Dodge: Dodged            |    17 |     9 ||    26
Block: Shield            |    26 |    17 ||    43
